 Dungeon Crawl Stone Soup version 0.32-a0-17-gb74e046682 (webtiles) character file.

Game seed: 10867982348101365225

93 LeprechaunX the Changeling (level 4, -2/29 HPs)
             Began as an Octopode Shapeshifter on Jan 15, 2024.
             Slain by a gnoll
             ... wielding a +0 whip
              (6 damage)
             ... on level 2 of the Dungeon.
             The game lasted 00:01:31 (1208 turns).

LeprechaunX the Changeling (Octopode Shapeshifter)  Turns: 1208, Time: 00:01:32

Health: -2/29      AC:  1    Str: 19    XL:     4   Next: 61%
Magic:  4/4        EV: 13    Int: 12    God:
Gold:   33         SH:  0    Dex: 13    Spells: 3/3 levels left

rFire   . .          .
                       - Unarmed
rCold   . . .        (no shield)
rNeg    . . .        (helmet currently unavailable)
rPois   .            (no amulet)
rElec   .            d - +6 ring of strength
rCorr   .            (no ring)
SInv    .            (no ring)
Will    .....        (no ring)
Stlth   ++           (no ring)
HPRegen 0.24/turn    (no ring)
MPRegen 0.09/turn    (no ring)
                     (no ring)

%: no passive effects
@: beast-form
A: beast (slay +2), almost no armour, amphibious, 8 rings, camouflage 1,
gelatinous body 1, (nimble swimmer 1), tentacles
a: Begin Untransformation


You were on level 2 of the Dungeon.
You were a hulking beast.
You visited 1 branch of the dungeon, and saw 2 of its levels.

You collected 33 gold pieces.

Inventory:

Missiles
 k - 5 boomerangs (quivered)
Jewellery
 d - a +6 ring of strength (left tentacle)
Talismans
 b - a beast talisman
 c - a flux talisman
Scrolls
 e - 2 scrolls of teleportation {unknown}
 g - a scroll of amnesia {unknown}
 h - 2 scrolls of fear {unknown}
 i - a scroll of immolation {unknown}
 j - 2 scrolls of identify {unknown}
 l - a scroll of vulnerability {unknown}
Potions
 a - a potion of lignification
 f - a potion of curing {unknown}
 m - a potion of heal wounds {unknown}


   Skills:
 + Level 1.9 Fighting
 + Level 1.1 Throwing
 + Level 2.5 Dodging
 + Level 3.4 Unarmed Combat
 * Level 3.8 Shapeshifting


You had 3 spell levels left.
You didn't know any spells.
Your spell library was empty.

Dungeon Overview and Level Annotations

Branches:
Dungeon (2/15)

Altars:


Innate Abilities, Weirdness & Mutations

You are a hulking beast.
Your limbs bulge with bestial killing power. (Slay +2)
You cannot wear most types of armour.
You are amphibious.
You can wear up to eight rings at the same time.
Your skin changes colour to match your surroundings (Stealth+).
Your rubbery body absorbs attacks. (AC +1, EV +1)
((You are camouflaged when in or above water. (Stealth+)))
You have tentacles for arms and can constrict up to eight enemies at once.


Message History

a +0 dagger; a goblin corpse; the felid corpse of Natasha A gnoll comes into view.
It is wielding a +0 flail.
A gnoll is nearby!
A gnoll is nearby!
A gnoll is nearby!
A gnoll comes into view. It is wielding a +0 whip.
The gnoll shouts!
A gnoll comes into view. It is wielding a +0 club.
The gnoll hits you with a +0 flail!
The gnoll shouts! x2
You bludgeon the gnoll! You grab the gnoll. You squeeze the gnoll.
You kill the gnoll!
Your Throwing skill increases to level 1!
You see here a +0 flail.
The gnoll barely misses you.
You tentacle-slap the gnoll but do no damage.
Your grab misses the gnoll.
Your tentacle-slap misses the gnoll.
The gnoll hits you with a +0 club!
You closely miss the gnoll. Your grab misses the gnoll.
The gnoll hits you with a +0 club.
You are too injured to fight recklessly!
You are too injured to fight recklessly!
You are too injured to fight recklessly!
You barely miss the gnoll. Your grab misses the gnoll. You squeeze the gnoll!
The gnoll is severely wounded.
The gnoll hits you with a +0 club.
You tentacle-slap the gnoll but do no damage.
You grab the gnoll.
The gnoll is severely wounded.
You constrict the gnoll, but do no damage.
The gnoll hits you with a +0 club!
* * * LOW HITPOINT WARNING * * *
You barely miss the gnoll.
The gnoll is severely wounded.
You constrict the gnoll.
You kill the gnoll!
Unknown command.
You barely miss the gnoll. You grab the gnoll. You constrict the gnoll.
The gnoll hits you with a +0 whip.
You die...

### ##.## #...# ...
... #.# #g# #h# ##+#
###)### ##...##
###.....# ##.....##
#.......# #.......##
#.#.....#
.........###.......#
.........'..)......#
.........####.....##
#.......## ##.##.#


You could see a gnoll.

Vanquished Creatures
  Natasha (D:2)
  2 gnolls (D:2)
  3 dart slugs (D:1)
  A ribbon worm (D:2)
  3 bats
  An endoplasm (D:2)
  2 giant cockroaches (D:1)
  4 goblins
  A hobgoblin (D:2)
  8 jackals (D:1)
  2 quokkas (D:1)
  9 frilled lizards (D:1)
  2 kobolds
  4 rats (D:1)
43 creatures vanquished.

Notes
Turn   | Place    | Note
-------+----------+-------------------------------------------
     0 | D:1      | LeprechaunX the Octopode Shapeshifter began the quest for
                  | the Orb.
     0 | D:1      | Reached XP level 1. HP: 13/13 MP: 1/1
    57 | D:1      | Reached XP level 2. HP: 17/18 MP: 2/2
   471 | D:1      | Reached XP level 3. HP: 22/23 MP: 3/3
  1141 | D:2      | Noticed Natasha
  1147 | D:2      | Killed Natasha
  1148 | D:2      | Reached XP level 4. HP: 21/29 MP: 4/4
  1201 | D:2      | Reached skill level 1 in Throwing
  1208 | D:2      | Slain by a gnoll

Illustrated notes

Levels and vault maps discovered:
D:1:      dpeg_arrival_central, layout_basic, minmay_lizard_king
D:2:      layout_loops_corners, basic_ecumenical_altar, uniq_jessica,
          uniq_natasha

Skill      XL: |  1  2  3  4 |
---------------+-------------+-----
Throwing       | 1 |  1.1
Fighting       | |  1.9
Dodging        | |  2.5
Unarmed Combat | |  3.4
Shapeshifting  | |  3.8

Action                     |  1- 3 |  4- 6 || total
---------------------------+-------+-------++-------
  Melee: Unarmed           |    67 |    11 ||    78
         Constrict         |    20 |     4 ||    24
         Tentacles         |     9 |     2 ||    11
   Stab: Sleeping          |     5 |       ||     5
 Armour: Skin              |    38 |     6 ||    44
  Dodge: Dodged            |    56 |     2 ||    58

Table legend: (Time is in decaauts)
 A = Elapsed time spent in this place.
 B = Non-inter-level travel time spent in this place.
 C = Inter-level travel time spent in this place.
 D = Time resting spent in this place.
 E = Time spent auto-exploring this place.
 F = Levels seen in this place.
 G = Mean time per level.
                   A        B        C        D        E       F      G
               +--------+--------+--------+--------+--------+-----+--------+
         Total |   1202 |   1149 |     53 |      0 |    948 |   2 |  601.0 |
       Dungeon |   1202 |   1149 |     53 |      0 |    948 |   2 |  601.0 |
               +--------+--------+--------+--------+--------+-----+--------+

Top non-repeatable levels by time:
     D:1: 927 daAuts
     D:2: 275 daAuts
